 Dungeon Crawl Stone Soup version 0.30-a0-118-ga018f8e90f (webtiles) character file.

Game seed: 15726169051294827072

14404 MisterAzrael the Grappler (level 11, -7/101 HPs)
             Began as a Troll Berserker on Sept 13, 2022.
             Was a High Priest of Trog.
             Mangled by a two-headed ogre
             ... wielding a +0 giant spiked club
              (15 damage)
             ... on level 2 of the Orcish Mines.
             The game lasted 00:14:44 (10345 turns).

MisterAzrael the Grappler (Troll Berserker)        Turns: 10345, Time: 00:14:45

Health: -7/101     AC: 27    Str: 31    XL:     11   Next: 88%
Magic:  10/10      EV:  4    Int:  3    God:    Trog [*****.]
Gold:   1361       SH:  0    Dex:  9    Spells: 10/10 levels left

rFire   + . .      SeeInvis .      - Unarmed
rCold   + . .      Faith    .    (no shield)
rNeg    . . .      Spirit   .    z - +9 scales of the Dragon King {rPois rF+ rC+ Will+}
rPois   +          Reflect  .    (helmet restricted)
rElec   .          Harm     +    w - scarf {harm}
rCorr   .          Rampage  .    (gloves unavailable)
Will    +....                    (boots unavailable)
Stlth   ..........               (no amulet)
HPRegen 1.06/turn                (no ring)
MPRegen 0.12/turn                (no ring)

@: on berserk cooldown, slowed, very slow
A: large, unfitting armour, claws 3, regeneration 1, shaggy fur 1, tough skin 1
a: Renounce Religion, Berserk, Trog's Hand, Brothers in Arms


You were on level 2 of the Orcish Mines.
You worshipped Trog.
Trog was extremely pleased with you.
You visited 2 branches of the dungeon, and saw 12 of its levels.

You collected 1478 gold pieces.
You spent 117 gold pieces at shops.

Inventory:

Hand Weapons
 x - a +0 giant spiked club
Missiles
 B - 2 throwing nets
 J - 2 javelins (quivered)
Armour
 a - a +0 animal skin
 w - a scarf of harm (worn)
 z - the +9 scales of the Dragon King (worn) {rPois rF+ rC+ Will+}
   (You found it on level 5 of the Dungeon)

   rF:        It protects you from fire.
   rC:        It protects you from cold.
   rPois:     It protects you from poison.
   Will:      It increases your willpower.
 G - an orb of guile
Jewellery
 C - a ring of magical power
 D - a +6 ring of intelligence
 E - a ring of protection from cold
Wands
 g - a wand of charming (1)
Scrolls
 d - 4 scrolls of teleportation
 e - a scroll of silence
 p - 2 scrolls of enchant weapon
 q - 4 scrolls of amnesia
 r - 2 scrolls of poison
 s - 2 scrolls of fog
 t - 2 scrolls of noise
 u - 3 scrolls of immolation
 v - 3 scrolls of blinking
 y - a scroll of enchant armour
 A - 2 scrolls of fear {unknown}
 H - 2 scrolls of magic mapping {unknown}
 I - 4 scrolls of identify
Potions
 b - 4 potions of lignification
 c - 4 potions of haste
 f - 6 potions of curing
 i - 2 potions of ambrosia {unknown}
 j - 5 potions of attraction {unknown}
 k - a potion of mutation {unknown}
 l - a potion of berserk rage {unknown}
 m - 4 potions of might {unknown}
 n - 3 potions of flight {unknown}
 o - a potion of invisibility {unknown}
 F - a potion of degeneration {unknown}


   Skills:
 + Level 4.9 Fighting
 - Level 8.5 Maces & Flails
 + Level 3.1 Throwing
 - Level 9.0 Armour
 - Level 2.4 Dodging
 * Level 12.1 Unarmed Combat


You had 10 spell levels left.
You didn't know any spells.
Your spell library was empty.

Dungeon Overview and Level Annotations

Branches:
Dungeon (10/15)            Temple (0/1) D:4            Lair (0/5) D:10
    Orc (2/2) D:10
    Elf: Orc:2

Altars:
Dithmenos
Elyvilon
Fedhas
Hepliaklqana
Kikubaaqudgha
Nemelex Xobeh
Ru
Trog
Uskayaw
Vehumet
Zin
The Shining One

Shops:
D:1 !   D:3 (   D:5 [   D:6 ?(:[=   D:8 ((?*?   Orc:1 ?

Annotations:
D:9 2 runed translucent doors


Innate Abilities, Weirdness & Mutations

You are too large for most types of armour.
You have claws for hands.
Your natural rate of healing is unusually fast.
You are covered in fur. (AC +1)
You have tough skin. (AC +1)


Message History

You feel the effects of Trog's Hand fading.
You hear some strange, mumbled words.
Something tries to affect you, but you resist.
The two-headed ogre hits you but does no damage.
The two-headed ogre barely misses you.
You barely miss the two-headed ogre. Your claw misses the two-headed ogre.
The two-headed ogre is heavily wounded.
Something hits you but does no damage.
The two-headed ogre hits you with a +0 giant club!
* * * LOW HITPOINT WARNING * * *
The two-headed ogre barely misses you.
You barely miss the two-headed ogre.
The two-headed ogre is heavily wounded.
Something hits you but does no damage.
The two-headed ogre hits you but does no damage.
The two-headed ogre hits you with a +0 giant spiked club.
* * * LOW HITPOINT WARNING * * *
You claw the two-headed ogre!
The two-headed ogre is severely wounded.
Something hits you but does no damage.
The two-headed ogre hits you with a +0 giant spiked club.
* * * LOW HITPOINT WARNING * * *
The two-headed ogre hits you with a +0 giant spiked club!
* * * LOW HITPOINT WARNING * * *
You mangle the two-headed ogre!!
You kill the two-headed ogre!
Trog accepts your kill. Something hits you but does no damage.
The two-headed ogre hits you but does no damage. x2
Your Throwing skill increases to level 3!
You feel much better.
Your skin stops crawling.
You feel less strong-willed. Something hits you but does no damage.
The orc priest invokes the aid of Beogh against you.
Beogh smites you!
* * * LOW HITPOINT WARNING * * *
The two-headed ogre hits you with a +0 giant spiked club!
* * * LOW HITPOINT WARNING * * *
The two-headed ogre hits you with a +0 giant spiked club!
You die...

## ### ##. ..## ..
#........ #. #.........
##.##..........
#..@#.....#.....
#.#O).Oo#.........
#...#o#O$...........
...#.##O#o.O...........
. #....O)...............
............O...........
.##...#O#...............
#........o.O..........
##.#..................


You could see 2 two-headed ogres, an ogre mage, 6 ogres, 2 orc priests and 2
orcs.

Vanquished Creatures
  Erica (D:8)
  6 two-headed ogres
  Pikel (D:6)
  Joseph (D:7)
  A gargoyle (D:7)
  5 trolls
  A hornet (D:9)
  14 yaks
  A wyvern (D:10)
  2 steam dragons (D:7)
  4 vampire mosquitoes (D:10)
  An acid dragon (D:10)
  2 wargs
  Duvessa (D:6)
  A water moccasin (D:5)
  4 orc warriors
  An ice beast (D:6)
  An ogre (D:5)
  4 centaurs
  A lemure (D:6)
  3 kobold brigands
  7 bullfrogs
  3 gnoll sergeants
  3 necrophages
  6 scorpions
  A wight (D:6)
  Dowan (D:6)
  6 killer bees (D:8)
  3 howler monkeys
  A crimson imp (D:5)
  10 orc priests
  Crazy Yiuf (D:6)
  A hound (D:5)
  2 jellies
  A gnoll bouda (D:7)
  An iguana (D:7)
  12 orc wizards
  20 gnolls
  5 adders
  2 shadow imps
  2 white imps
  2 ufetubi
  4 worms (D:2)
  2 dart slugs
  38 orcs
  11 ball pythons
  7 bats
  4 bat zombies (D:6)
  8 endoplasms
  A giant cockroach (D:4)
  8 hobgoblins
  14 jackals
  6 quokkas
  3 frilled lizards
  9 goblins
  17 kobolds
  6 rats
284 creatures vanquished.

Vanquished Creatures (collateral kills)
  An orc high priest (Orc:1)
  An orc warrior (Orc:1)
2 creatures vanquished.

Vanquished Creatures (others)
  An orc wizard (Orc:1)
  3 plants
4 creatures vanquished.

Grand Total: 290 creatures vanquished

Notes
Turn   | Place    | Note
-------+----------+-------------------------------------------
     0 | D:1      | MisterAzrael the Troll Berserker began the quest for the
                  | Orb.
     0 | D:1      | Reached XP level 1. HP: 22/22 MP: 0/0
    67 | D:1      | Found Neaczex's Distillery.
   151 | D:1      | Reached XP level 2. HP: 29/29 MP: 1/1
   333 | D:1      | Reached skill level 4 in Unarmed Combat
   561 | D:1      | Reached XP level 3. HP: 36/36 MP: 2/2
   612 | D:1      | Reached ** piety under Trog
  1253 | D:2      | Reached skill level 5 in Unarmed Combat
  1253 | D:2      | Reached XP level 4. HP: 44/44 MP: 3/3
  1299 | D:2      | Found a faded altar of an unknown god.
  1625 | D:2      | Found a radiant altar of Vehumet.
  2022 | D:3      | Reached *** piety under Trog
  2093 | D:3      | Found Kiketiosun's Weapon Shoppe.
  2447 | D:4      | Found a sparkling altar of Nemelex Xobeh.
  2504 | D:4      | Reached XP level 5. HP: 32/50 MP: 4/4
  2686 | D:4      | Found a staircase to the Ecumenical Temple.
  3214 | D:5      | Entered Level 5 of the Dungeon
  3266 | D:5      | Reached skill level 1 in Armour
  3266 | D:5      | Reached skill level 6 in Unarmed Combat
  3398 | D:5      | Reached XP level 6. HP: 59/59 MP: 5/5
  3419 | D:5      | Found Fuif's Armour Emporium.
  3422 | D:5      | Bought a scarf of harm for 117 gold pieces
  3741 | D:5      | Reached skill level 7 in Unarmed Combat
  3905 | D:5      | Found the +9 scales of the Dragon King {rPois rF+ rC+
                  | Will+}
  3910 | D:5      | Reached **** piety under Trog
  3969 | D:5      | Noticed a water moccasin
  3975 | D:5      | Killed a water moccasin
  3976 | D:5      | Reached skill level 1 in Maces & Flails
  3976 | D:5      | Reached XP level 7. HP: 66/66 MP: 6/6
  4144 | D:5      | Found a white marble altar of Elyvilon.
  4361 | D:5      | Found a glowing silver altar of Zin.
  4438 | D:6      | Reached XP level 8. HP: 74/74 MP: 7/7
  4555 | D:6      | Found Okips's Jewellery Shoppe.
  4580 | D:6      | Noticed Duvessa
  4580 | D:6      | Noticed Dowan
  4595 | D:6      | Killed Dowan
  4603 | D:6      | Killed Duvessa
  4672 | D:6      | Found a radiant altar of Vehumet.
  4703 | D:6      | Found a runed translucent door.
  4704 | D:6      | Noticed Crazy Yiuf
  4727 | D:6      | Found a glowing drain.
  4744 | D:6      | Found Xeliaf's Magic Scroll Shop.
  4779 | D:6      | Reached skill level 5 in Armour
  4790 | D:6      | Found Losaelyb's Armour Boutique.
  4796 | D:6      | Found Hauluig's Book Boutique.
  5000 | D:6      | Found Xeptexai's Antique Weapon Boutique.
  5050 | D:6      | Noticed Pikel
  5059 | D:6      | Killed Pikel
  5060 | D:6      | Reached skill level 5 in Maces & Flails
  5060 | D:6      | Reached XP level 9. HP: 77/80 MP: 8/8
  5528 | D:6      | Found an ancient bone altar of Kikubaaqudgha.
  5697 | D:6      | Killed Crazy Yiuf
  5809 | D:7      | Noticed a gargoyle
  5815 | D:7      | Killed a gargoyle
  5847 | D:7      | Noticed Joseph
  5866 | D:7      | Killed Joseph
  5899 | D:7      | Found a blossoming altar of Fedhas.
  6278 | D:7      | Reached ***** piety under Trog
  6279 | D:7      | Reached XP level 10. HP: 55/88 MP: 9/9
  6980 | D:8      | Found Zonutemu's Magic Scroll Shop.
  7148 | D:8      | Found Cutaomm's Magic Scroll Emporium.
  7247 | D:8      | Noticed Erica
  7278 | D:8      | Killed Erica
  7279 | D:8      | Reached skill level 8 in Unarmed Combat
  7332 | D:8      | Found Budeef's Antique Weapon Boutique.
  7444 | D:8      | Found a hazy altar of Hepliaklqana.
  7468 | D:8      | Found Fusuxas's General Store.
  7569 | D:8      | Found Funul's Antique Weapon Boutique.
  7606 | D:8      | Found a shadowy altar of Dithmenos.
  7841 | D:9      | Noticed a two-headed ogre
  7853 | D:9      | Killed a two-headed ogre
  7854 | D:9      | Reached skill level 9 in Unarmed Combat
  7929 | D:9      | Found a bloodstained altar of Trog.
  7949 | D:9      | Noticed a two-headed ogre
  7955 | D:9      | Killed a two-headed ogre
  7982 | D:9      | Noticed a fire dragon
  7983 | D:9      | Noticed an ice dragon
  7984 | D:9      | Noticed a fire dragon
  7985 | D:9      | Found a runed translucent door.
  7985 | D:9      | Found a runed translucent door.
  7985 | D:9      | Noticed an ice dragon
  7985 | D:9      | Found the +2 shield of Resistance {rF++ rC++ Will++}
  8467 | D:9      | Found a glowing golden altar of the Shining One.
  8657 | D:10     | Entered Level 10 of the Dungeon
  8732 | D:10     | Reached XP level 11. HP: 73/94 MP: 10/10
  8737 | D:10     | Reached skill level 10 in Unarmed Combat
  8820 | D:10     | Noticed a two-headed ogre
  8823 | D:10     | Noticed a two-headed ogre
  8843 | D:10     | Killed a two-headed ogre
  8844 | D:10     | Found a hide-covered altar of Uskayaw.
  8847 | D:10     | Killed a two-headed ogre
  8852 | D:10     | Reached skill level 11 in Unarmed Combat
  8884 | D:10     | Found a sacrificial altar of Ru.
  9053 | D:10     | Found a staircase to the Orcish Mines.
  9057 | D:10     | Found a staircase to the Lair.
  9184 | D:10     | Reached skill level 1 in Throwing
  9598 | Orc:1    | Entered Level 1 of the Orcish Mines
  9619 | Orc:1    | Found Kedienel's Magic Scroll Boutique.
  9681 | Orc:1    | Noticed an orc high priest
  9723 | Orc:1    | Killed an orc high priest
 10230 | Orc:2    | Entered Level 2 of the Orcish Mines
 10267 | Orc:2    | Noticed a two-headed ogre
 10267 | Orc:2    | Noticed a two-headed ogre
 10268 | Orc:2    | Noticed an ogre mage
 10268 | Orc:2    | Noticed an ogre mage
 10268 | Orc:2    | Noticed a two-headed ogre
 10268 | Orc:2    | Noticed a two-headed ogre
 10329 | Orc:2    | Killed a two-headed ogre
 10330 | Orc:2    | Reached skill level 12 in Unarmed Combat
 10344 | Orc:2    | Killed a two-headed ogre
 10345 | Orc:2    | Mangled by a two-headed ogre

Illustrated notes

Levels and vault maps discovered:
D:1:      lightli_arrival_farm, layout_basic, serial_shops,
          nicolae_shop_statue_plus, serial_forest, infiniplex_forest_lined_2,
          infiniplex_forest_zigzag_1, infiniplex_forest_corner_2,
          infiniplex_forest_lined_room_2, infiniplex_forest_join
D:2:      layout_basic, shapermc_ecumenical_altar_acropolis, basic_altar,
          minmay_unequal
D:3:      layout_loops_ring, serial_shops, shop, grunt_ministairs_14,
          saegor_snake_ambush
D:4:      layout_loops_corners, nicolae_overflow_crystal_walls,
          minmay_temple_entry_overgrown, minmay_ruptured
D:5:      layout_loops_cross, amcnicky_altar_gilded, zin_scriptorium,
          serial_shops, kennysheep_mini_moat, minmay_fire_ice_demons
D:6:      layout_layer_cave, old_standard_altar,
          lemuel_zombie_altar_kikubaaqudgha, serial_shops,
          nicolae_shop_overgrown_old_shop, shop, shop, shop,
          nicolae_square_shop, cheibrodos_sewer_entry_sluice,
          minmay_fractal_squares_diagonal_5, uniq_duvessa,
          uniq_crazy_yiuf_cottage, uniq_pikel
D:7:      layout_layer_cave, fedhas_altar_1, minmay_misc_feat_rows,
          minmay_misc_feat_room, eino_tiny_chamber, uniq_joseph
D:8:      layout_loops_ring, mainiacjoe_overflow_catwalk,
          mainiacjoe_overflow_concentric_impassable, serial_shops,
          nicolae_shop_stone, nicolae_shop_advertising_works
          [nicolae_subvault_shop_adworks], nicolae_shop_behind_doors,
          nicolae_shop_temple_entry_statues_fountains, nicolae_shop_waterfront,
          uniq_erica
D:9:      layout_loops_ring, mainiacjoe_overflow_tiny_flanked, tso_altar,
          minmay_misc_feat_tower, minmay_guarded_unrand_resistance
D:10:     layout_basic, mainiacjoe_overflow_large_starburst, lair_entry_dummy,
          orc_0_dummy
Orc:1:    minmay_goldmine, layout_diamond_mine, serial_shops,
          nicolae_shop_hallway_plus
Orc:2:    st_orc_ogre_mass, layout_caves, mines2_lemuel, uniq_saint_roka

Skill      XL: |  1  2  3  4  5  6  7  8  9 10 11 |
---------------+----------------------------------+-----
Unarmed Combat | 4 5 6 7 9 12 | 12.1
Armour         | 1 2 3 5 7 9 |  9.0
Maces & Flails | 1 3 5 7 8 |  8.5
Fighting       | 4 |  4.9
Throwing       | 3 |  3.1
Dodging        | |  2.4

Action                   |  1- 3 |  4- 6 |  7- 9 | 10-12 || total
-------------------------+-------+-------+-------+-------++-------
Melee: Unarmed           |   107 |   151 |   192 |   308 ||   758
       Punch             |     1 |     4 |    10 |     7 ||    22
       Giant spiked club |       |       |    72 |    72 ||   144
Invok: Berserk           |     1 |       |     2 |     5 ||     8
       Trog's Hand       |     1 |       |       |     3 ||     4
       Brothers in Arms  |       |       |       |     1 ||     1
  Use: Scroll            |       |       |       |    13 ||    13
       Potion            |       |       |       |     7 ||     7
 Stab: Sleeping          |       |     1 |       |       ||     1
Armor: Animal skin       |    40 |    43 |       |       ||    83
       Gold dragon scale |       |     3 |   392 |   470 ||   865
Dodge: Dodged            |    64 |    52 |    88 |   119 ||   323

Table legend: (Time is in decaauts)
 A = Elapsed time spent in this place.
 B = Non-inter-level travel time spent in this place.
 C = Inter-level travel time spent in this place.
 D = Time resting spent in this place.
 E = Time spent auto-exploring this place.
 F = Levels seen in this place.
 G = Mean time per level.
                   A        B        C        D        E       F      G
               +--------+--------+--------+--------+--------+-----+--------+
         Total |  10387 |  10047 |    340 |    460 |   7740 |  12 |  865.6 |
       Dungeon |   9663 |   9357 |    306 |    438 |   7252 |  10 |  966.3 |
  Orcish Mines |    724 |    691 |     33 |     22 |    488 |   2 |  362.0 |
               +--------+--------+--------+--------+--------+-----+--------+

Top non-repeatable levels by time:
     D:6: 1339 daAuts
     D:5: 1210 daAuts
     D:7: 1158 daAuts
     D:8: 964 daAuts
    D:10: 932 daAuts
     D:1: 869 daAuts
     D:4: 867 daAuts
     D:9: 824 daAuts
     D:2: 812 daAuts
     D:3: 684 daAuts
   Orc:1: 627 daAuts
   Orc:2: 96 daAuts
